 Dungeon Crawl Stone Soup version 0.27-a0-1500-g450c7e4133 (webtiles) character file.

Game seed: 17887485368474522392

3334 wesbby the Spear-Bearer (level 9, -8/80 HPs)
             Began as a Minotaur Berserker on July 7, 2021.
             Was an Elder of Trog.
             Killed from afar by an electric eel (10 damage)
             ... with a bolt of electricity
             ... on level 8 of the Dungeon.
             The game lasted 00:10:56 (7390 turns).

wesbby the Spear-Bearer (Minotaur Berserker)        Turns: 7390, Time: 00:10:56

Health: -8/80      AC: 16    Str: 25    XL:     9   Next: 72%
Magic:  8/8        EV:  6    Int:  4    God:    Trog [****..]
Gold:   327        SH: 16    Dex: 10    Spells: 8/8 levels left

rFire    + . .     SeeInvis +   a - +1 spear
rCold    . . .     Faith    .   k - +0 kite shield
rNeg     . . .     Spirit   .   n - +0 plate armour
rPois    +         Reflect  +   (helmet restricted)
rElec    .         Harm     .   m - +1 cloak {rPois}
rCorr    .         Rampage  .   (no gloves)
Will     .....                  (no boots)
Stlth    ..........             E - amulet of reflection
HPRegen  0.23/turn              r - ring of protection from fire
MPRegen  0.11/turn              y - ring of see invisible

@: about to teleport
A: horns 2, retaliatory headbutt
a: Renounce Religion, Berserk, Trog's Hand, Brothers in Arms


You were on level 8 of the Dungeon.
You worshipped Trog.
Trog was greatly pleased with you.
You visited 1 branch of the dungeon, and saw 8 of its levels.

You collected 327 gold pieces.

Inventory:

Hand Weapons
 a - a +1 spear (weapon)
 h - a +0 scythe
Missiles
 g - 16 javelins (quivered)
 v - 6 atropa-tipped darts
 F - 4 throwing nets
Armour
 b - a +0 animal skin
 c - a +0 leather armour
 d - a +2 cloak
 e - a +0 ring mail
 i - a +0 scale mail
 j - a +0 chain mail
 k - a +0 kite shield (worn)
 m - a +1 cloak of poison resistance (worn)
 n - a +0 plate armour (worn)
 K - a scarf of shadows
Jewellery
 r - a ring of protection from fire (left hand)
 x - a ring of flight
 y - a ring of see invisible (right hand)
 E - an amulet of reflection (around neck)
Wands
 s - a wand of polymorph (9)
 t - a wand of mindburst (17)
 G - a wand of charming (9)
 L - a wand of flame (12)
Scrolls
 f - 2 scrolls of magic mapping
 l - 2 scrolls of identify
 p - a scroll of noise {unknown}
 u - a scroll of amnesia {unknown}
 w - 3 scrolls of teleportation
 z - 2 scrolls of immolation {unknown}
 A - a scroll of vulnerability {unknown}
 C - a scroll of fog {unknown}
 D - 2 scrolls of enchant weapon
Potions
 o - 3 potions of curing
 q - 2 potions of cancellation
 B - a potion of haste
 H - 2 potions of flight {unknown}
 I - a potion of ambrosia
 J - a potion of magic {unknown}


   Skills:
 * Level 7.7 Fighting
 * Level 10.2 Polearms
 * Level 8.9 Armour
 + Level 3.1 Dodging
 + Level 1.2 Stealth
 * Level 7.1 Shields


You had 8 spell levels left.
You didn't know any spells.
Your spell library was empty.

Dungeon Overview and Level Annotations

Branches:
Dungeon (8/15)             Temple (0/1) D:7
   Lair: D:8-11

Altars:
Ashenzari
Okawaru
Ru
Sif Muna
Trog
Vehumet
Xom
Yredelemnul


Innate Abilities, Weirdness & Mutations

You have a pair of horns on your head.
You reflexively headbutt those who attack you in melee.


Message History

You puncture the electric eel! Your headbutt misses the electric eel.
The electric eel is heavily wounded.
You barely miss the electric eel.
The electric eel is heavily wounded.
The electric eel shoots out a bolt of lightning at you!
The bolt of electricity hits you!
The bolt of electricity hits the electric eel.
The electric eel completely resists.
The bolt of electricity hits the electric eel.
The electric eel completely resists.
The electric eel shoots out a bolt of lightning at you!
The bolt of electricity hits you! x2
Okay, then.
Unknown command.
As you read the scroll of teleportation, it crumbles to dust.
You feel strangely unstable.
The electric eel shoots out a bolt of lightning at you!
The bolt of electricity hits you.
* * * LOW HITPOINT WARNING * * *
The bolt of electricity hits the electric eel.
The electric eel completely resists.
The bolt of electricity hits the electric eel.
The electric eel completely resists.
The bolt of electricity hits you.
* * * LOW HITPOINT WARNING * * *
The electric eel shoots out a bolt of lightning at you!
The bolt of electricity hits you!
* * * LOW HITPOINT WARNING * * *
The bolt of electricity hits you.
* * * LOW HITPOINT WARNING * * *
The electric eel shoots out a bolt of lightning at you!
The bolt of electricity hits you!
* * * LOW HITPOINT WARNING * * *
The bolt of electricity hits you.
* * * LOW HITPOINT WARNING * * *
The bolt of electricity hits the plant!
The plant begins to die.
There is an open door here.
Unknown command.
The electric eel shoots out a bolt of lightning at you!
The bolt of electricity hits you!
You die...

... #<..... #.# #.
.#.###.....# #..#....#
...........#######.##.##..
#........................
##...#....# #.############
..........###.#8P#;≈≈≈≈≈≈#
.....))...##..#..#.......#
#.#....#..©#©.'...♣...+
#).....#...#.@#.......#
#####........#8P#;;≈≈≈≈≈#
#........#...############
...###<####......D........
. #.# #..............# #..
##..........?#.# .#.#
#..........## # . ..
#..........# #. ... #.....


You could see a steam dragon and 3 electric eels.

Vanquished Creatures
  Harold (D:7)
  A two-headed ogre (D:5)
  Sigmund (D:5)
  A wyvern (D:7)
  An ice beast (D:5)
  A black bear (D:7)
  2 orc warriors (D:7)
  A sky beast (D:7)
  A phantom (D:5)
  A centaur (D:8)
  2 kobold brigands
  Blork the orc (D:6)
  A wyvern skeleton (D:7)
  2 water moccasin skeletons
  A howler monkey (D:7)
  Crazy Yiuf (D:2)
  A centaur skeleton (D:6)
  4 orc priests
  2 bullfrog skeletons (D:6)
  A jelly (D:7)
  Jessica (D:2)
  4 iguanas
  3 orc wizards
  Robin (D:2)
  4 gnolls (D:6)
  6 adders
  2 shadow imps
  An adder skeleton (D:4)
  2 worms
  A dart slug (D:1)
  18 orcs
  7 ball pythons
  7 endoplasms
  2 giant cockroaches
  12 goblins
  17 hobgoblins
  6 jackals
  5 kobolds
  2 quokkas (D:3)
  4 bats
  7 frilled lizards
  A kobold zombie (D:5)
  6 rats
146 creatures vanquished.

Vanquished Creatures (others)
  A human (D:5)
  A hound (D:5)
  8 plants (D:3)
10 creatures vanquished.

Grand Total: 156 creatures vanquished

Notes
Turn   | Place    | Note
-------+----------+-------------------------------------------
     0 | D:1      | wesbby the Minotaur Berserker began the quest for the Orb.
     0 | D:1      | Reached XP level 1. HP: 19/19 MP: 0/0
   415 | D:1      | Reached XP level 2. HP: 27/27 MP: 1/1
   426 | D:1      | Reached skill level 4 in Polearms
   870 | D:1      | Reached XP level 3. HP: 30/33 MP: 2/2
   977 | D:1      | Found a faded altar of an unknown god.
  1080 | D:2      | Noticed Robin
  1081 | D:2      | Reached ** piety under Trog
  1101 | D:2      | Killed Robin
  1352 | D:2      | Found a runed translucent door.
  1353 | D:2      | Noticed Crazy Yiuf
  1411 | D:2      | Found a bloodstained altar of Trog.
  1665 | D:2      | Reached XP level 4. HP: 41/41 MP: 3/3
  1885 | D:2      | Noticed Jessica
  1891 | D:2      | Killed Jessica
  2182 | D:2      | Killed Crazy Yiuf
  2183 | D:2      | Reached skill level 5 in Fighting
  2183 | D:2      | Reached XP level 5. HP: 48/48 MP: 4/4
  2243 | D:3      | Reached *** piety under Trog
  2473 | D:3      | Reached skill level 5 in Polearms
  3162 | D:4      | Reached skill level 1 in Shields
  3162 | D:4      | Reached XP level 6. HP: 37/56 MP: 5/5
  3528 | D:4      | Found a broken altar of Ashenzari.
  3968 | D:5      | Entered Level 5 of the Dungeon
  3970 | D:5      | Noticed Sigmund
  3980 | D:5      | Killed Sigmund
  3981 | D:5      | Reached skill level 6 in Polearms
  4116 | D:5      | Noticed a human
  4117 | D:5      | Found a runed translucent door.
  4121 | D:5      | Found a basalt altar of Yredelemnul.
  4219 | D:5      | Reached skill level 5 in Armour
  4249 | D:5      | Reached XP level 7. HP: 58/62 MP: 6/6
  4261 | D:5      | Killed a human
  4278 | D:5      | Found a shimmering blue altar of Sif Muna.
  4523 | D:5      | Reached skill level 7 in Polearms
  5043 | D:5      | Noticed a two-headed ogre
  5051 | D:5      | Killed a two-headed ogre
  5052 | D:5      | Reached skill level 8 in Polearms
  5052 | D:5      | Reached XP level 8. HP: 59/71 MP: 7/7
  5439 | D:6      | Reached skill level 5 in Shields
  5499 | D:6      | Reached **** piety under Trog
  5648 | D:6      | Found a sacrificial altar of Ru.
  5709 | D:6      | Found an iron altar of Okawaru.
  5963 | D:6      | Noticed Blork the orc
  5969 | D:6      | Killed Blork the orc
  6194 | D:6      | Reached skill level 9 in Polearms
  6278 | D:7      | Noticed Harold
  6295 | D:7      | Killed Harold
  6296 | D:7      | Reached XP level 9. HP: 71/79 MP: 8/8
  6355 | D:7      | Reached skill level 1 in Stealth
  6494 | D:7      | Reached skill level 10 in Polearms
  6712 | D:7      | Found a staircase to the Ecumenical Temple.
  6746 | D:7      | Found a radiant altar of Vehumet.
  7198 | D:7      | Found a shimmering altar of Xom.
  7351 | D:8      | Found a transporter.
  7389 | D:8      | HP: 4/80 [electric eel/bolt of electricity (8)]
  7390 | D:8      | Killed from afar by an electric eel

Illustrated notes

Levels and vault maps discovered:
D:1:      grunt_arrival_crossed_arrows, layout_rooms,
          shapermc_ecumenical_altar_petra
D:2:      layout_loops_corners, basic_altar, minmay_misc_feat_plants,
          minmay_unequal, uniq_jessica, uniq_crazy_yiuf_cottage, uniq_robin
D:3:      layout_basic, serial_forest, infiniplex_forest_clump_large,
          infiniplex_forest_end_double, infiniplex_forest_pool,
          infiniplex_forest_lined_1, infiniplex_forest_pool
D:4:      layout_rooms, ashenzari_altar_1, serial_bayou_pond_c
D:5:      layout_basic, dk_yredelemnul_ordeal, lemuel_crystal_altar,
          uniq_sigmund
D:6:      layout_cave_pods, nicolae_ru_great_annihilating_truth,
          okawaru_gym_becter, minmay_manual_mail, uniq_blork_the_orc
D:7:      layout_loops_cross, nicolae_overflow_crystal_walls,
          mainiacjoe_overflow_concentric_impassable,
          minmay_temple_entry_junction_2, kennysheep_generic_room_16,
          uniq_harold
D:8:      gammafunk_steamed_eel, layout_rooms, grunt_gozag_breadcrumbs,
          nicolae_transmutations_shop, hex_large, uniq_psyche, uniq_grum

Skill      XL: |  1  2  3  4  5  6  7  8  9 |
---------------+----------------------------+-----
Polearms       | 4 5 6 8 9 10 | 10.2
Fighting       | 4 5 6 7 |  7.7
Armour         | 3 4 5 6 8 |  8.9
Shields        | 1 2 4 6 7 |  7.1
Dodging        | 3 |  3.1
Stealth        | 1 |  1.2

Action                   |  1- 3 |  4- 6 |  7- 9 || total
-------------------------+-------+-------+-------++-------
Melee: Spear             |   113 |   180 |   254 ||   547
       Headbutt          |    14 |    31 |    45 ||    90
Invok: Berserk           |     2 |     3 |     7 ||    12
  Use: Scroll            |       |     5 |     1 ||     6
       Potion            |       |     5 |       ||     5
 Stab: Invisible         |       |       |     1 ||     1
       Paralysed         |       |       |     1 ||     1
       Distracted        |       |       |     1 ||     1
Armor: Leather armour    |    18 |       |       ||    18
       Ring mail         |    15 |       |       ||    15
       Chain mail        |       |    17 |       ||    17
       Plate armour      |       |    79 |    79 ||   158
Dodge: Dodged            |    46 |    24 |    25 ||    95
Block: Kite shield       |       |    60 |    95 ||   155
       Reflection        |       |       |     4 ||     4

Table legend: (Time is in decaauts)
 A = Elapsed time spent in this place.
 B = Non-inter-level travel time spent in this place.
 C = Inter-level travel time spent in this place.
 D = Time resting spent in this place.
 E = Time spent auto-exploring this place.
 F = Levels seen in this place.
 G = Mean time per level.
                   A        B        C        D        E       F      G
               +--------+--------+--------+--------+--------+-----+--------+
         Total |   7449 |   7064 |    385 |    680 |   5368 |   8 |  931.1 |
       Dungeon |   7449 |   7064 |    385 |    680 |   5368 |   8 |  931.1 |
               +--------+--------+--------+--------+--------+-----+--------+

Top non-repeatable levels by time:
     D:5: 1321 daAuts
     D:2: 1183 daAuts
     D:7: 1085 daAuts
     D:1: 1057 daAuts
     D:6: 1006 daAuts
     D:3: 919 daAuts
     D:4: 842 daAuts
     D:8: 33 daAuts
